 Dungeon Crawl Stone Soup version 0.27.1-3-gb3d3a73c9e (webtiles) character file.

Game seed: 16547748999533119010

12887 Urokeeper the Cruncher (level 11, -12/153 HPs)
             Began as a Minotaur Berserker on Oct 20, 2021.
             Was an Elder of Trog.
             Mangled by an orc warlord (17 damage)
             ... on level 1 of the Orcish Mines.
             The game lasted 00:36:56 (12163 turns).

Urokeeper the Cruncher (Minotaur Berserker)        Turns: 12163, Time: 00:36:57

Health: -12/153    AC: 23    Str: 24    XL:     11   Next: 68%
Magic:  11/11      EV: 11    Int:  4    God:    Trog [****..]
Gold:   748        SH:  0    Dex: 13    Spells: 10/10 levels left

rFire    + . .     SeeInvis .   O - +0 bardiche
rCold    . . .     Faith    .   (shield currently unavailable)
rNeg     . . .     Spirit   .   t - +0 plate armour
rPois    .         Reflect  .   (helmet restricted)
rElec    .         Harm     .   B - +2 cloak
rCorr    .         Rampage  .   M - +2 pair of gloves
Will     .....                  u - +0 pair of boots
Stlth    ..........             (no amulet)
HPRegen  0.35/turn              a - ring of protection from fire
MPRegen  0.12/turn              (no ring)

@: berserking (expiring), very quick
A: horns 2, retaliatory headbutt, agile 1, high mp 1
a: Renounce Religion, Berserk, Trog's Hand, Brothers in Arms


You were on level 1 of the Orcish Mines.
You worshipped Trog.
Trog was greatly pleased with you.
You visited 2 branches of the dungeon, and saw 12 of its levels.

You collected 748 gold pieces.

Inventory:

Hand Weapons
 g - a +0 arbalest
 q - a +4 flail
 y - a +3 whip of venom
 A - a +2 quarterstaff of venom
 E - a +0 glaive
 G - a +3 battleaxe of freezing
 O - a +0 bardiche (weapon)
Missiles
 I - 4 atropa-tipped darts (quivered)
 L - 15 poisoned darts
Armour
 i - a +2 chain mail of positive energy
 t - a +0 plate armour (worn)
 u - a +0 pair of boots (worn)
 B - a +2 cloak (worn)
 M - a +2 pair of gloves (worn)
Jewellery
 a - a ring of protection from fire (left hand)
 m - a ring of magical power
 s - a ring of fire
 D - a ring of fire
Wands
 d - a wand of paralysis (16)
 v - a wand of polymorph (27)
 z - a wand of digging (14)
 F - a wand of iceblast (8)
Scrolls
 b - 3 scrolls of enchant armour
 h - 8 scrolls of teleportation
 j - a scroll of fog
 l - a scroll of vulnerability
 o - 2 scrolls of fear
 p - 2 scrolls of torment
 r - a scroll of noise
 w - a scroll of silence
Potions
 c - 3 potions of flight
 e - 2 potions of haste {unknown}
 f - a potion of brilliance {unknown}
 k - 2 potions of attraction {unknown}
 n - 3 potions of curing {unknown}
 x - 2 potions of ambrosia {unknown}
 C - a potion of magic {unknown}
 H - 2 potions of berserk rage {unknown}
 K - 2 potions of might {unknown}
 N - a potion of heal wounds {unknown}


   Skills:
 + Level 11.0 Fighting
 - Level 6.5(10.1) Maces & Flails
 * Level 2.2(8.1) Polearms
 - Level 11.9(12.6) Staves
 + Level 10.6 Armour
 + Level 9.8 Dodging


You had 10 spell levels left.
You didn't know any spells.
Your spell library was empty.

Dungeon Overview and Level Annotations

Branches:
Dungeon (11/15)            Temple (0/1) D:7            Lair (0/6) D:10
    Orc (1/2) D:10

Altars:
Makhleb
Ru
Sif Muna
Trog
Yredelemnul
Beogh

Shops:
D:6 (   D:10 !

Annotations:
D:8 2 transporters, jlumianski's ghost, novice DDFi


Innate Abilities, Weirdness & Mutations

You have a pair of horns on your head.
You reflexively headbutt those who attack you in melee.
You are agile. (Dex +2)
You have an increased reservoir of magic. (+10% MP)


Message History

You headbutt the orc warlord. You hit the orc warlord.
You headbutt the orc warlord.
The orc warlord is moderately wounded.
The orc warlord hits you with a +0 great mace!!
You hit the orc warlord but do no damage.
Your headbutt misses the orc warlord.
The orc warlord is moderately wounded.
The orc warlord hits you with a +0 great mace.
You slash the orc warlord!
The orc warlord is heavily wounded.
The orc warlord hits you with a +0 great mace!
You barely miss the orc warlord. Your headbutt misses the orc warlord.
The orc warlord is heavily wounded.
The orc warlord hits you with a +0 great mace.
You hit the orc warlord but do no damage.
The orc warlord is moderately wounded.
The orc warlord hits you but does no damage.
The orc warlord completely misses you.
You are too berserk!
Unknown command.
You slash the orc warlord!
The orc warlord is heavily wounded.
The orc warlord hits you but does no damage.
You slash the orc warlord!
The orc warlord is severely wounded.
The orc warlord closely misses you.
You closely miss the orc warlord. Your headbutt misses the orc warlord.
The orc warlord is severely wounded.
The orc warlord hits you with a +0 great mace!!
* * * LOW HITPOINT WARNING * * *
You hit the orc warlord but do no damage.
You headbutt the orc warlord!
The orc warlord is severely wounded.
The orc warlord hits you with a +0 great mace!!
* * * LOW HITPOINT WARNING * * *
Okay, then.
You slash the orc warlord!
The orc warlord is almost dead.
The orc warlord hits you with a +0 great mace!
You die...

##)#.#......#...#
##...............######
#)..............###.>.#
$...#...............##≈≈≈#
#....##.............##...#
....#........>......##...# ###
...#...............####'### ##.#
^...............o...#.8.8.# #...
...............)@...#.._..#####..
.##.................##...##.##...
##....##.[.......##.##.......
....##.................##...
..##..[...............##..#
#.......#.......#........
#......#.................
#.......#....>...##.......
#.....#....................


You could see an orc warlord.

Vanquished Creatures
  Erica (D:10)
  A boulder beetle (D:8)
  2 two-headed ogres
  4 orc knights (D:10)
  An elephant (D:10)
  A centaur zombie (D:9)
  An unseen horror (D:10)
  A kobold demonologist (D:9)
  Prince Ribbit (D:7)
  3 trolls
  A shadow (D:10)
  5 wyverns
  A basilisk (D:10)
  Eustachio (D:4)
  A steam dragon (D:7)
  Duvessa (D:4)
  A water moccasin (D:8)
  A hornet zombie (D:8)
  3 black bears
  An ice beast (D:7)
  14 orc warriors
  2 necrophages
  An ogre (D:5)
  A phantom (D:4)
  4 kobold brigands
  2 bullfrogs
  A gnoll sergeant (D:9)
  A scorpion (D:7)
  A water moccasin skeleton (D:6)
  Dowan (D:4)
  10 killer bees
  4 howler monkeys
  10 wights
  4 hounds
  5 orc priests
  Crazy Yiuf (D:4)
  A bullfrog zombie (D:6)
  4 jellies
  2 gnoll shamans
  5 iguanas
  8 orc wizards
  A hound skeleton (D:4)
  19 gnolls
  4 adders
  A shadow imp (D:7)
  A white imp (D:5)
  An ufetubus (D:7)
  An adder skeleton (D:4)
  4 dart slugs
  37 orcs
  3 bats
  6 endoplasms
  6 giant cockroaches
  11 goblins
  6 hobgoblins
  6 jackals (D:1)
  2 quokkas
  8 ball pythons
  2 frilled lizards
  15 kobolds
  A quokka skeleton (D:4)
  5 rats
254 creatures vanquished.

Vanquished Creatures (others)
  2 fungi (D:10)
  2 plants
4 creatures vanquished.

Grand Total: 258 creatures vanquished

Notes
Turn   | Place    | Note
-------+----------+-------------------------------------------
     0 | D:1      | Urokeeper the Minotaur Berserker began the quest for the
                  | Orb.
     0 | D:1      | Reached XP level 1. HP: 19/19 MP: 0/0
   247 | D:1      | Reached XP level 2. HP: 18/27 MP: 1/1
   558 | D:1      | Found a faded altar of an unknown god.
   680 | D:1      | Reached ** piety under Trog
   681 | D:1      | Reached XP level 3. HP: 33/33 MP: 2/2
  1571 | D:3      | Found a burning altar of Makhleb.
  1770 | D:3      | Reached XP level 4. HP: 40/40 MP: 3/3
  2230 | D:3      | Reached XP level 5. HP: 19/47 MP: 4/4
  2564 | D:4      | Noticed Dowan
  2566 | D:4      | Noticed Duvessa
  2568 | D:4      | Killed Dowan
  2578 | D:4      | Killed Duvessa
  2579 | D:4      | Reached skill level 5 in Fighting
  2579 | D:4      | Reached skill level 5 in Maces & Flails
  2579 | D:4      | Reached XP level 6. HP: 56/56 MP: 5/5
  2868 | D:4      | Reached *** piety under Trog
  2916 | D:4      | Noticed Eustachio
  2972 | D:4      | Killed Eustachio
  2973 | D:4      | Reached skill level 5 in Armour
  2973 | D:4      | Reached XP level 7. HP: 62/62 MP: 6/6
  3160 | D:4      | Found a runed translucent door.
  3161 | D:4      | Noticed Crazy Yiuf
  3284 | D:4      | Reached skill level 5 in Dodging
  3555 | D:4      | Noticed a wyvern
  3560 | D:4      | Killed a wyvern
  3702 | D:4      | Killed Crazy Yiuf
  3855 | D:5      | Entered Level 5 of the Dungeon
  3865 | D:5      | Reached skill level 1 in Staves
  3865 | D:5      | Reached XP level 8. HP: 57/71 MP: 7/7
  4866 | D:6      | Reached **** piety under Trog
  5258 | D:6      | Reached skill level 5 in Staves
  5737 | D:6      | Reached XP level 9. HP: 80/80 MP: 8/8
  5801 | D:6      | Found Zedaymes's Hydra Hut.
  5805 | D:6      | Noticed a seven-headed hydra
  6045 | D:7      | Noticed Prince Ribbit
  6061 | D:7      | Killed Prince Ribbit
  6076 | D:7      | Found a bloodstained altar of Trog.
  6821 | D:7      | Found a staircase to the Ecumenical Temple.
  7149 | D:8      | Noticed a boulder beetle
  7162 | D:8      | Killed a boulder beetle
  7604 | D:8      | Found a transporter.
  7609 | D:8      | Noticed jlumianski's ghost (novice DDFi)
  7628 | D:8      | Reached XP level 10. HP: 90/90 MP: 9/9
  7685 | D:8      | Found a sacrificial altar of Ru.
  7687 | D:8      | Found a basalt altar of Yredelemnul.
  7968 | D:8      | Noticed a moth of wrath
  8050 | D:8      | Found a transporter.
  8215 | D:9      | Noticed a two-headed ogre
  8226 | D:9      | Killed a two-headed ogre
  8820 | D:9      | Noticed a smoke demon
  8946 | D:9      | Reached skill level 10 in Staves
  9445 | D:10     | Entered Level 10 of the Dungeon
  9534 | D:10     | Noticed Erica
  9549 | D:10     | Killed Erica
  9550 | D:10     | Reached skill level 10 in Fighting
  9744 | D:10     | Found Quddunk's Distillery.
  9771 | D:10     | Reached XP level 11. HP: 82/99 MP: 10/10
  9957 | D:10     | Noticed an orc knight
  9981 | D:10     | Killed an orc knight
 10118 | D:10     | Noticed an orc knight
 10133 | D:10     | Killed an orc knight
 10134 | D:10     | Reached skill level 10 in Armour
 10235 | D:10     | Noticed an orc knight
 10236 | D:10     | Found a staircase to the Orcish Mines.
 10482 | D:10     | Killed an orc knight
 10583 | D:10     | Found a staircase to the Lair.
 11005 | D:10     | Noticed a two-headed ogre
 11016 | D:10     | Killed a two-headed ogre
 11225 | D:8      | Gained mutation: Your body sometimes deteriorates upon
                  | taking damage. [potion of mutation]
 11225 | D:8      | Gained mutation: You have very sharp teeth. [potion of
                  | mutation]
 11225 | D:8      | Gained mutation: You are frail. (-10% HP) [potion of
                  | mutation]
 11225 | D:8      | Gained mutation: You possess an exceptional clarity of
                  | mind. [potion of mutation]
 11226 | D:8      | Lost mutation: You possess an exceptional clarity of mind.
                  | [potion of mutation]
 11226 | D:8      | Lost mutation: You are frail. (-10% HP) [potion of
                  | mutation]
 11226 | D:8      | Gained mutation: You possess an exceptional clarity of
                  | mind. [potion of mutation]
 11227 | D:8      | Lost mutation: Your body sometimes deteriorates upon taking
                  | damage. [potion of mutation]
 11227 | D:8      | Gained mutation: You are frail. (-10% HP) [potion of
                  | mutation]
 11227 | D:8      | Gained mutation: Your mind is acute. (Int +2) [potion of
                  | mutation]
 11227 | D:8      | Gained mutation: You have an increased reservoir of magic.
                  | (+10% MP) [potion of mutation]
 11228 | D:8      | Lost mutation: You have very sharp teeth. [potion of
                  | mutation]
 11228 | D:8      | Lost mutation: You are frail. (-10% HP) [potion of
                  | mutation]
 11228 | D:8      | Lost mutation: You possess an exceptional clarity of mind.
                  | [potion of mutation]
 11228 | D:8      | Lost mutation: Your mind is acute. (Int +2) [potion of
                  | mutation]
 11228 | D:8      | Gained mutation: You are agile. (Dex +2) [potion of
                  | mutation]
 11327 | Orc:1    | Entered Level 1 of the Orcish Mines
 11327 | Orc:1    | Noticed an orc knight
 11354 | D:10     | Killed an orc knight
 11541 | Orc:1    | Reached skill level 1 in Polearms
 11914 | Orc:1    | Found a shimmering blue altar of Sif Muna.
 12061 | Orc:1    | Noticed an orc warlord
 12162 | Orc:1    | HP: 5/153 [orc warlord (19)]
 12163 | Orc:1    | Mangled by an orc warlord

Illustrated notes

Levels and vault maps discovered:
D:1:      dpeg_arrival_leaves_temple_mockup, layout_loops_ring,
          hellmonk_ecumenical_altar_prayer_group, minmay_tromino_v4_a
D:2:      layout_loops_ring
D:3:      layout_loops_ring, mainiacjoe_overflow_alcove_4, corexii_corridor_pit
D:4:      minmay_opposing_rooms, layout_basic, hex_intersection, uniq_duvessa,
          uniq_crazy_yiuf_cottage, uniq_eustachio
D:5:      layout_basic
D:6:      layout_layer_cave, doesnt_shop_hydraphobe
D:7:      layout_loops_ring, mainiacjoe_overflow_paths, temple_hall_moat,
          serial_rivers, chequers_serial_rivers_micro_c,
          chequers_serial_rivers_large_a, chequers_serial_rivers_marsh,
          chequers_serial_rivers_micro_a, st_stairs_8, uniq_prince_ribbit1
D:8:      layout_loops_ring, chequers_temple_overflow_statue_of_worship,
          gammafunk_ghost_berserking_beasts
D:9:      layout_irregular_city, serial_glass, glass_columns_b, glass_columns_b,
          glass_columns_b
D:10:     layout_roguey, david_lair_generic, david_orc_5, grunt_ministairs_7,
          minmay_shop_grid_forest, uniq_erica
D:11:     layout_cave_pods
Orc:1:    layout_caves, led_sif_book

Skill      XL: |  1  2  3  4  5  6  7  8  9 10 11 |
---------------+----------------------------------+-----
Maces & Flails | 4 5 6 |  6.5
Fighting       | 4 5 6 7 8 10 11 | 11.0
Armour         | 3 4 5 7 8 9 10 | 10.6
Dodging        | 3 4 5 6 7 9 |  9.8
Staves         | 1 5 8 10 11 | 11.9
Polearms       | 2 |  2.2

Action                   |  1- 3 |  4- 6 |  7- 9 | 10-12 || total
-------------------------+-------+-------+-------+-------++-------
Melee: Mace              |    77 |    93 |    31 |       ||   201
       Headbutt          |     9 |    16 |    48 |    84 ||   157
       Whip              |       |       |    12 |       ||    12
       Quarterstaff      |       |       |   162 |   277 ||   439
       Bardiche          |       |       |       |    74 ||    74
Invok: Berserk           |       |     2 |     6 |    10 ||    18
       Trog's Hand       |       |       |     1 |     2 ||     3
  Use: Scroll            |     3 |     1 |     5 |     6 ||    15
       Potion            |       |       |       |     5 ||     5
Armor: Animal skin       |     5 |       |       |       ||     5
       Ring mail         |    16 |    15 |       |       ||    31
       Chain mail        |       |     4 |       |       ||     4
       Plate armour      |       |    38 |   141 |   225 ||   404
Dodge: Dodged            |    59 |    49 |   107 |   155 ||   370
